 Dungeon Crawl Stone Soup version 0.29-a0-676-ga64570c9d2 (webtiles) character file.

Game seed: 11026442701324559375

1 Armakuni the Poker (level 1, 0/16 HPs)
             Began as a Human Wanderer on June 24, 2022.
             Slain by a goblin
             ... wielding a +0 club
              (1 damage)
             ... on level 1 of the Dungeon.
             The game lasted 00:00:38 (101 turns).

Armakuni the Poker (Human Wanderer)                  Turns: 101, Time: 00:00:38

Health: 0/16       AC:  3    Str: 12    XL:     1   Next: 22%
Magic:  2/2        EV: 11    Int: 11    God:
Gold:   0          SH:  0    Dex: 13    Spells: 1/2 levels left

rFire   . . .      SeeInvis .   a - +1 trident
rCold   . . .      Faith    .   (no shield)
rNeg    . . .      Spirit   .   c - +0 leather armour
rPois   .          Reflect  .   (no helmet)
rElec   .          Harm     .   (no cloak)
rCorr   .          Rampage  .   (no gloves)
Will    .....                   (no boots)
Stlth   +.........              (no amulet)
HPRegen 0.05/turn               (no ring)
MPRegen 0.08/turn               (no ring)

@: no status effects
A: no striking features
a: no special abilities


You were on level 1 of the Dungeon.
You visited 1 branch of the dungeon, and saw 1 of its levels.

Inventory:

Hand Weapons
 a - a +1 trident (weapon)
Armour
 c - a +0 leather armour (worn)


   Skills:
 + Level 2.1 Fighting
 - Level 3.0 Polearms
 - Level 1.0 Armour
 - Level 1.0 Dodging
 - Level 1.0 Spellcasting
 - Level 2.0 Poison Magic


You had one spell level left.
You knew the following spells:

 Your Spells              Type           Power      Damage    Failure   Level
a - Sting                 Tmut/Pois      8%         1d3       26%         1

Your spell library contained the following spells:

 Spells                   Type           Power      Damage    Failure   Level
 Ignite Poison            Fire/Tmut/Pois 2%         N/A       67%         3


Dungeon Overview and Level Annotations

Branches:
Dungeon (1/15)

Altars:


Message History

The ball python bites you but does no damage.
The ball python constricts you.
* * * LOW HITPOINT WARNING * * *
You aren't carrying any potions.
Blink to where?
Press: ? - help, Dir - move target You escape the ball python's grasp.
As you read the scroll of blinking, it crumbles to dust.
You aren't carrying any potions.
As you read the scroll labelled ADINWA PAUTU, it crumbles to dust.
You feel strangely unstable.
It was a scroll of teleportation.
The ball python bites you but does no damage.
The ball python misses you.
The ball python attacks as you move away!
The ball python closely misses you.
Your surroundings suddenly seem different.
A giant cockroach, a ball python and 2 goblins come into view.
Found 4 gold pieces.
The ball python hisses angrily.
The goblin shouts!
The goblin moves out of view.
You aren't carrying any potions.
You aren't carrying any scrolls.
Reach: a) +1 trident
Press: ? - help, Dir - move target, f - ball python
Aim: a ball python (about 45% to evade your +1 trident)
You reach to attack!
You barely miss the ball python. The ball python bites you.
* * * LOW HITPOINT WARNING * * *
The ball python grabs you. The ball python constricts you.
You aren't carrying any potions.
Unknown command.
Okay, then.
Unknown command.
You aren't carrying any items that you can evoke.
You escape the ball python's grasp.
Found a stone staircase leading down.
The ball python bites you but does no damage.
The ball python grabs you. The ball python constricts you.
You escape the ball python's grasp.
The goblin attacks as you move away! The goblin hits you with a +0 club.
You die...

........#
....>...+
........# ......#
### $....# ....
.####...# .....
........####.....
.......@..g......
......g..........
........S.B......
......#..........
......#..........
......#..........
..... #..........
##### #......#...
#......#...


You could see a giant cockroach, 2 goblins and a ball python.

Vanquished Creatures
  A giant cockroach (D:1)
1 creature vanquished.

Notes
Turn   | Place    | Note
-------+----------+-------------------------------------------
     0 | D:1      | Armakuni the Human Wanderer began the quest for the Orb.
     0 | D:1      | Armakuni set off with the following items: a +1 trident, a
                  | scroll of blinking, a +0 leather armour; and the following
                  | spell memorised: Sting; and the following spells available
                  | to memorise: Ignite Poison.
     0 | D:1      | Reached XP level 1. HP: 16/16 MP: 2/2
   101 | D:1      | Slain by a goblin

Illustrated notes

Levels and vault maps discovered:
D:1:      kilobyte_arrival_exit_the_forest, layout_basic,
          dreamdust_princess_corridor, minmay_statues_item,
          grunt_decor_fettered, kennysheep_another_room

Action                   || total
-------------------------++-------
Melee: Trident           ||    11
  Use: Scroll            ||     2
Armor: Leather armour    ||     6
Dodge: Dodged            ||    14

Table legend: (Time is in decaauts)
 A = Elapsed time spent in this place.
 B = Non-inter-level travel time spent in this place.
 C = Inter-level travel time spent in this place.
 D = Time resting spent in this place.
 E = Time spent auto-exploring this place.
 F = Levels seen in this place.
 G = Mean time per level.
                   A        B        C        D        E       F      G
               +--------+--------+--------+--------+--------+-----+--------+
         Total |    103 |    103 |      0 |      0 |     73 |   1 |  103.0 |
       Dungeon |    103 |    103 |      0 |      0 |     73 |   1 |  103.0 |
               +--------+--------+--------+--------+--------+-----+--------+

Top non-repeatable levels by time:
     D:1: 103 daAuts
